 Dungeon Crawl Stone Soup version 0.29-a0-284-gf9362112df (webtiles) character file.

Game seed: 11489446080259560734

151 sokol815 the Chopper (level 5, -6/41 HPs)
             Began as a Demonspawn Monk on Mar 24, 2022.
             Mangled by Sigmund
             ... wielding a +0 scythe
              (8 damage)
             ... on level 3 of the Dungeon.
             The game lasted 00:08:50 (2852 turns).

sokol815 the Chopper (Demonspawn Monk)              Turns: 2852, Time: 00:08:51

Health: -6/41      AC: 11    Str: 11    XL:     5   Next: 10%
Magic:  5/5        EV:  2    Int: 13    God:
Gold:   234        SH:  0    Dex: 22    Spells: 4/4 levels left

rFire   + . .      SeeInvis .   a - +0 hand axe
rCold   . . .      Faith    .   (no shield)
rNeg    . . .      Spirit   .   q - +0 plate armour
rPois   .          Reflect  .   (no helmet)
rElec   .          Harm     .   (no cloak)
rCorr   .          Rampage  .   (no gloves)
Will    .....                   n - +0 pair of boots
Stlth   ..........              (no amulet)
HPRegen 0.13/turn               m - +6 ring of dexterity
MPRegen 0.09/turn               F - ring of protection from fire {rF+, !d}

@: no status effects
A: weakness stinger 1
a: no special abilities


You were on level 3 of the Dungeon.
You visited 1 branch of the dungeon, and saw 3 of its levels.

You collected 234 gold pieces.

Inventory:

Hand Weapons
 a - a +0 hand axe (weapon)
 h - a +0 dagger
   (You took it off a kobold on level 1 of the Dungeon)
Missiles
 d - 9 poisoned darts
 s - 136 stones
Armour
 b - a +0 robe
 l - a +0 ring mail
   (You found it on level 3 of the Dungeon)
 n - a +0 pair of boots (worn)
   (You found it on level 1 of the Dungeon)
 q - a +0 plate armour (worn)
   (You found it on level 2 of the Dungeon)
Jewellery
 e - an amulet of faith
   (You found it on level 1 of the Dungeon)
 f - a ring of fire {rF+, rC-}
   (You found it on level 2 of the Dungeon)
 m - a +6 ring of dexterity (left hand)
   (You found it on level 1 of the Dungeon)
 p - the ring of the Raven {*Slow Int+7 Dex+3 SInv}
   (You found it on level 3 of the Dungeon)

   [ring of see invisible]

   Int:       It affects your intelligence (+7).
   Dex:       It affects your dexterity (+3).
   SInv:      It lets you see invisible.
   *Slow:     It may slow you when you take damage.
 F - a ring of protection from fire (right hand) {rF+, !d}
   (You found it on level 3 of the Dungeon)
Scrolls
 c - a scroll of blinking {unknown}
 g - a scroll of enchant weapon {unknown}
 i - a scroll of identify {@r1}
 j - a scroll of teleportation {unknown}
 k - a scroll of fog {unknown}
 o - a scroll of fear {unknown}
Potions
 B - a potion of brilliance
 G - a potion of ambrosia {!q}
 J - 2 potions of curing {@q1}
 T - a potion of berserk rage {!q}


   Skills:
 - Level 3.0 Fighting
 + Level 5.3 Axes
 - Level 2.6 Dodging
 - Level 1.7 Stealth


You had 4 spell levels left.
You didn't know any spells.
Your spell library contained the following spells:

 Spells                   Type           Power      Damage    Failure   Level
 Freeze                   Ice            0%         1d3       100%        1
 Sublimation of Blood     Necr           0%         N/A       100%        2
 Frozen Ramparts          Ice            0%         1d2       100%        3
 Hailstorm                Conj/Ice       0%         3d3       100%        4
 Petrify                  Tmut/Erth      0%         N/A       100%        4
 Irradiate                Conj/Tmut      0%         3d13      100%        5


Dungeon Overview and Level Annotations

Branches:
Dungeon (3/15)

Altars:

Shops:
D:3 **(*=

Portals:
Sewer: D:3

Annotations:
D:3 Grinder, Sigmund


Innate Abilities, Weirdness & Mutations

You have a small tail.


Message History

There is a stone staircase leading up here.
Grinder shouts!
Grinder gestures at you.
You suddenly lose the ability to move!
The quokka twitches its whiskers.
Grinder hits you but does no damage. Grinder hits you but does no damage.
Grinder hits you.
The quokka bites you but does no damage.
Grinder hits you!
You writhe in agony.
You can move again.
You take 12 damage, and have 29/41 hp.
MASSIVE DAMAGE!!
You closely miss Grinder. You barely miss the quokka. The quokka bites you.
Grinder blinks!
The quokka bites you.
You take 4 damage, and have 25/41 hp.
Grinder gestures at you. You resist with significant effort.
The quokka bites you but does no damage.
You hit the quokka.
You kill the quokka!
Grinder gestures at you.
You suddenly lose the ability to move!
Grinder blinks!
Sigmund shouts!
You can move again.
You're wearing all the rings you can.
Remove which one? (? for menu, Esc to cancel) < or
m - a +6 ring of dexterity > or
p - the ring of the Raven {*Slow Int+7 Dex+3 SInv}
Okay, then.
You're wearing all the rings you can.
Remove which one? (? for menu, Esc to cancel) < or
m - a +6 ring of dexterity > or
p - the ring of the Raven {*Slow Int+7 Dex+3 SInv} You remove the ring of the Raven {*Slow Int+7 Dex+3 SInv}.
F - a ring of protection from fire (right hand) {rF+, !d} Sigmund zaps a wand.
The puff of flame hits you. You resist.
You take 5 damage, and have 21/41 hp.
Grinder blinks!
You aren't carrying any items that you can evoke.
Unknown command.
Okay, then.
Grinder attacks as you move away! Grinder hits you but does no damage.
Grinder gestures at you.
You suddenly lose the ability to move!
Grinder gestures at you.
You shrug off the repeated paralysis!
Sigmund mumbles some strange words.
Sigmund flickers and vanishes!
Deactivating autopickup; reactivate with Ctrl-A.
You can move again.
Unknown command.
Grinder blinks!
Grinder gestures at you. You resist with significant effort. Grinder hits you.
You take 6 damage, and have 17/41 hp.
Grinder hits you but does no damage.
A quokka and a giant cockroach come into view.
Found a glowing drain.
The giant cockroach moves out of view.
You hit the quokka. You hit Grinder but do no damage.
Grinder hits you but does no damage. The quokka completely misses you.
You hit the quokka. You hit Grinder. Grinder hits you.
You writhe in agony.
* * * LOW HITPOINT WARNING * * *
The quokka bites you.
* * * LOW HITPOINT WARNING * * *
You take 8 damage, and have 9/41 hp.
You closely miss the quokka.
Your tail-slap misses the quokka.
You hit Grinder.
The quokka bites you but does no damage.
Grinder barely misses you.
You barely miss the quokka. You closely miss Grinder.
The quokka bites you but does no damage.
Grinder hits you.
* * * LOW HITPOINT WARNING * * *
You writhe in agony.
* * * LOW HITPOINT WARNING * * *
You hear a zap.
A puff of flame appears from out of thin air!
The puff of flame hits you. You resist.
* * * LOW HITPOINT WARNING * * *
You take 7 damage, and have 2/41 hp.
You closely miss the quokka. You hit Grinder but do no damage.
The quokka bites you but does no damage.
Grinder hits you but does no damage.
The quokka bites you but does no damage.
You feel better. Grinder hits you but does no damage. The quokka bites you.
* * * LOW HITPOINT WARNING * * *
Something hits you!
* * * LOW HITPOINT WARNING * * *
You hit the quokka but do no damage. You hit Grinder.
You hear the rapid rusting of a drain very nearby.
Grinder hits you but does no damage.
The quokka bites you but does no damage.
Unknown command.
You barely miss the quokka. You closely miss Grinder.
The quokka bites you but does no damage.
Something hits you!
You die...

#######.... .≈ ....##
#.........# ≈≈≈ #....
#..###..##.# ##.#
.....##. #.###.# ≈≈≈≈#
.... ..# #.# #.#
∩..≈≈##..## #.# #.# #.#
≈≈≈≈..#...##..## #.#
#.# #.Br........# #.#
#@.......###.#####
##5...............#
#...{.........(....
####.............###..
................#######
#####..................
#............÷....#
#..................
####...............


You could see Grinder, a quokka and a giant cockroach.

Vanquished Creatures
  Terence (D:3)
  3 gnolls
  5 adders
  3 dart slugs
  5 endoplasms
  3 giant cockroaches (D:1)
  3 goblins
  2 hobgoblins
  2 quokkas (D:3)
  6 ball pythons
  7 bats
  3 frilled lizards
  5 kobolds
  5 rats
53 creatures vanquished.

Vanquished Creatures (others)
  2 plants (D:2)
2 creatures vanquished.

Grand Total: 55 creatures vanquished

Notes
Turn   | Place    | Note
-------+----------+-------------------------------------------
     0 | D:1      | sokol815 the Demonspawn Monk began the quest for the Orb.
     0 | D:1      | Reached XP level 1. HP: 18/18 MP: 1/1
    65 | D:1      | Reached skill level 3 in Axes
   399 | D:1      | You fall into a shaft and drop 1 floor!
   399 | D:2      | Found a faded altar of an unknown god.
   612 | D:1      | Gained mutation: You have a small tail. [demonic ancestry]
   612 | D:1      | Reached XP level 2. HP: 24/24 MP: 2/2
  1309 | D:2      | Reached XP level 3. HP: 27/29 MP: 3/3
  1365 | D:2      | Reached skill level 4 in Axes
  1946 | D:2      | Reached XP level 4. HP: 32/35 MP: 4/4
  2270 | D:3      | Found Ijafes's Assorted Antiques.
  2294 | D:3      | Found Baploam's Antique Weapon Boutique.
  2294 | D:3      | Noticed Terence
  2385 | D:3      | Found Boum Pie's General Store.
  2387 | D:3      | Noticed Sigmund
  2404 | D:3      | Noticed Grinder
  2526 | D:3      | Identified the ring of the Raven {*Slow Int+7 Dex+3 SInv}
  2540 | D:3      | Killed Terence
  2541 | D:3      | Reached skill level 5 in Axes
  2562 | D:3      | Reached XP level 5. HP: 19/41 MP: 5/5
  2601 | D:3      | Found Saps's Jewellery Boutique.
  2604 | D:3      | Found Fuorewn's Assorted Antiques.
  2812 | D:3      | Paralysed by Grinder for 6 turns
  2820 | D:3      | Paralysed by Grinder for 7 turns
  2837 | D:3      | Paralysed by Grinder for 2 turns
  2844 | D:3      | Found a glowing drain.
  2846 | D:3      | HP: 9/41 [quokka (2)]
  2848 | D:3      | HP: 4/41 [Grinder (3)]
  2852 | D:3      | Mangled by Sigmund

Illustrated notes

Levels and vault maps discovered:
D:1:      lightli_arrival_statuegarden, layout_basic, st_stairs_6
D:2:      minmay_chambers_of_twos, layout_basic,
          ebering_ecumenical_altar_petrified, serial_bayou_crossing
D:3:      layout_rooms, gup_sewer_entry_pipe, serial_shops, shop, shop, shop,
          shop, shop, minmay_fountain_box, kennysheep_cluttered_room,
          uniq_sigmund, uniq_terence, uniq_grinder

Skill      XL: |  1  2  3  4 |
---------------+-------------+-----
Axes           | 3 4 5 |  5.3
Fighting       | |  3.0
Dodging        | |  2.6
Stealth        | |  1.7

Action                   |  1- 3 |  4- 6 || total
-------------------------+-------+-------++-------
Melee: Hand axe          |   110 |    67 ||   177
       Tailslap          |     4 |     8 ||    12
  Use: Scroll            |       |     3 ||     3
       Potion            |       |     1 ||     1
 Stab: Sleeping          |     8 |     3 ||    11
Armor: Robe              |    25 |     9 ||    34
       Ring mail         |       |     7 ||     7
       Plate armour      |       |    16 ||    16
Dodge: Dodged            |    69 |    40 ||   109

Table legend: (Time is in decaauts)
 A = Elapsed time spent in this place.
 B = Non-inter-level travel time spent in this place.
 C = Inter-level travel time spent in this place.
 D = Time resting spent in this place.
 E = Time spent auto-exploring this place.
 F = Levels seen in this place.
 G = Mean time per level.
                   A        B        C        D        E       F      G
               +--------+--------+--------+--------+--------+-----+--------+
         Total |   2873 |   2665 |    208 |    220 |   1608 |   3 |  957.7 |
       Dungeon |   2873 |   2665 |    208 |    220 |   1608 |   3 |  957.7 |
               +--------+--------+--------+--------+--------+-----+--------+

Top non-repeatable levels by time:
     D:2: 1316 daAuts
     D:1: 1102 daAuts
     D:3: 454 daAuts

Table legend:
 A = Kills in this place as a percentage of kills in entire the game.
 B = Kills by you in this place as a percentage of kills by you in the entire game.
 C = Kills by friends in this place as a percentage of kills by friends in the entire game.
 D = Other kills in this place as a percentage of other kills in the entire game.
 E = Experience gained in this place as a percentage of experience gained in the entire game.
 F = Experience gained in this place divided by the number of levels of this place that you have seen.
                   A       B       C       D       E      F
               +-------+-------+-------+-------+-------+----------------------
         Total | 100.0 | 100.0 |   N/A |   N/A | 100.0 |  72.0
       Dungeon | 100.0 | 100.0 |   N/A |   N/A | 100.0 |  72.0
               +-------+-------+-------+-------+-------+----------------------
